 Dungeon Crawl Stone Soup version 0.16-a0-3606-g1520cdc (console) character file.

157 Kellhus the Conjurer (level 5, 0/35 HPs)
             Began as a Vampire Wizard on Jan 13, 2015.
             Slain by an adder (3 damage)
             ... on level 4 of the Dungeon.
             The game lasted 00:06:39 (3966 turns).

Kellhus the Conjurer (Vampire Wizard)               Turns: 3966, Time: 00:06:39

Health: 0/35       AC:  2    Str:  6    XL:     5   Next: 15%
Magic:  1/11       EV: 12    Int: 21    God:
Gold:   152        SH:  0    Dex: 13    Spells: 1 memorised, 9 levels left

rFire  + . .     SeeInvis +     l - +0 hand axe (curse)
rCold  + . .     Clarity  .     a - +0 robe
rNeg   + . .     SustAb   .     (no shield)
rPois  +         Gourm    .     b - +0 hat
rElec  +         Spirit   .     (no cloak)
rCorr  +         Warding  .     (no gloves)
rMut   .         Stasis   .     (no boots)
MR     .....                    m - amulet of inaccuracy (curse)
Stlth  ++........               (no ring)
                                e - +1 ring of dexterity

@: lethally poisoned, resistant, very slightly contaminated, not resistant to
hostile enchantments, unstealthy
A: bottle blood, fangs 3, see invisible, unbreathing
a: Bat Form


You were on level 4 of the Dungeon.
You were not thirsty.

You visited 1 branch of the dungeon, and saw 4 of its levels.

You collected 152 gold pieces.

Inventory:

Hand weapons
 d - a +3 dagger of draining
 l - a cursed +0 hand axe (weapon)
Armour
 a - a +0 robe (worn)
 b - a +0 hat (worn)
Jewellery
 e - a +1 ring of dexterity (left hand)
 m - a cursed amulet of inaccuracy (around neck)
Scrolls
 g - 2 scrolls of enchant weapon
 h - 4 scrolls of teleportation
Potions
 j - a potion of resistance
 k - a potion of flight {unknown}
 n - 2 potions of heal wounds {unknown}
 o - a potion of haste
Books
 c - a book of Minor Magic

   Spells                             Type                      Level
   a - Magic Dart                     Conjuration                  1
   b - Blink                          Translocation                2
   c - Call Imp                       Summoning                    2
   d - Repel Missiles                 Charms/Air                   2
   e - Slow                           Hexes                        2
   f - Conjure Flame                  Conjuration/Fire             3
   g - Mephitic Cloud                 Conjuration/Poison/Air       3


   Skills:
 - Level 2.1 Dodging
 - Level 3.0 Stealth
 - Level 3.0 Spellcasting
 + Level 3.8 Conjurations
   Level 1.0 Summonings
   Level 0.7 Translocations


You had 9 spell levels left.
You knew the following spells:

 Your Spells              Type           Power        Failure   Level  Hunger
a - Magic Dart            Conj           ###.         2%          1    None


Dungeon Overview and Level Annotations

Branches:
Dungeon (4/15)
 Temple: D:4-7

Altars:
Elyvilon
Yredelemnul
The Shining One

Annotations:
D:3 Afay's ghost, average KoAK


Innate Abilities, Weirdness & Mutations

You can bottle blood from corpses.
You have razor-sharp teeth.
You have supernaturally acute eyesight.
You can survive without breathing.


Message History

Aim: a giant frog skeleton The magic dart hits the giant frog skeleton.
* * * LOW HITPOINT WARNING * * *
You feel sick. The giant frog skeleton hits you.
* * * LOW HITPOINT WARNING * * *
The adder bites you but does no damage. The giant newt closely misses you.
Drink which item? (? for menu, Esc to quit)
You feel better. The giant frog skeleton hits you. The adder bites you.
* * * LOW HITPOINT WARNING * * *
You are poisoned.
The adder poisons you! The giant newt bites you.
* * * LOW HITPOINT WARNING * * *
The giant frog skeleton hits you.
* * * LOW HITPOINT WARNING * * *
Drink which item? (? for menu, Esc to quit)
It was a potion of resistance.
You feel protected.
* * * LOW HITPOINT WARNING * * *
You feel sick. The adder bites you.
You die...

. . # . .# ##...
.# ....## .#
.....# .# ..##$.
.## . # ##..## .#
##Z...### ##
#.@.....# .
#......lS.####..#
.. #........# ..
#[.......#
##......##
#....... .......
...... ...


You could see an adder, a giant newt and a giant frog skeleton.

Vanquished Creatures
  A giant frog (D:2)
  2 adders (D:2)
  2 worms
  4 giant geckos
  An ooze (D:1)
  An orc (D:3)
  8 goblins
  10 hobgoblins
  4 jackals (D:2)
  4 kobolds
  A ball python (D:2)
  3 bats
  A giant cockroach (D:2)
  6 giant newts
  7 rats
55 creatures vanquished.

Notes
Turn   | Place    | Note
--------------------------------------------------------------
     0 | D:1      | Kellhus, the Vampire Wizard, began the quest for the Orb.
     0 | D:1      | Reached XP level 1. HP: 13/13 MP: 4/4
   158 | D:1      | Reached skill level 1 in Conjurations
   397 | D:1      | Reached XP level 2. HP: 11/19 MP: 0/6
  1190 | D:2      | Reached XP level 3. HP: 21/24 MP: 2/7
  1548 | D:2      | You fall through a shaft for 2 floors!
  2262 | D:2      | Reached XP level 4. HP: 16/30 MP: 0/9
  2559 | D:2      | Noticed a giant frog
  2564 | D:2      | Killed a giant frog
  2564 | D:2      | Reached XP level 5. HP: 25/35 MP: 3/11
  2915 | D:3      | Found a white marble altar of Elyvilon.
  3018 | D:3      | Found a basalt altar of Yredelemnul.
  3188 | D:3      | Found a glowing golden altar of the Shining One.
  3292 | D:3      | Noticed Afay's ghost (average KoAK)
  3966 | D:4      | Slain by an adder

Action                   |  1- 3 |  4- 6 || total
-------------------------+-------+-------++-------
Melee: Unarmed           |    28 |       ||    28
       Hand axe          |     4 |       ||     4
 Cast: Magic Dart        |   133 |    47 ||   180
  Use: Potion            |     1 |     2 ||     3
       Scroll            |       |     4 ||     4
  Eat: Corpse            |    15 |     1 ||    16
